 Dungeon Crawl Stone Soup version 0.30-a0-737-gf23d94013f (webtiles) character file.

Game seed: 870659807518562728

1828 kae the Geomancer (level 9, -9/45 HPs)
             Began as a Gargoyle Earth Elementalist on Feb 2, 2023.
             Was a Follower of Vehumet.
             Killed by a reflected stone arrow
             ... reflected by a gnoll bouda
             ... on level 6 of the Dungeon.
             The game lasted 00:04:19 (5794 turns).

kae the Geomancer (Gargoyle Earth Elementalist)     Turns: 5794, Time: 00:04:20

Health: -9/45      AC:  9    Str: 12    XL:     9   Next: 11%
Magic:  14/34      EV: 11    Int: 23    God:    Vehumet [*.....]
Gold:   331        SH:  0    Dex: 10    Spells: 8/18 levels left

rFire   . . .      SeeInvis .    d - +2 mace (heavy)
rCold   . . .      Faith    .    (no shield)
rNeg    + . .      Spirit   .    a - +0 robe
rPois   ∞          Reflect  .    (no helmet)
rElec   +          Harm     .    (no cloak)
rCorr   .          Rampage  .    (no gloves)
Will    .....                    h - +0 pair of boots
Stlth   ++                       (no amulet)
HPRegen 0.27/turn                W - ring of magical power
MPRegen 0.24/turn                r - ring of Fyrid {MP+9 Int+3}

@: no status effects
A: sickness immunity, AC +6, negative energy resistance 1, electricity
resistance, torment resistance 1, petrification resistance
a: Renounce Religion


You were on level 6 of the Dungeon.
You worshipped Vehumet.
Vehumet was aware of your devotion.
You visited 1 branch of the dungeon, and saw 6 of its levels.

You collected 331 gold pieces.


Innate Abilities, Weirdness & Mutations

You are immune to sickness and miasma.
Your stone body is resilient. (AC +6)
You are immune to poison.
You resist negative energy. (rN+)
You are resistant to electric shocks. (rElec)
You are resistant to unholy torment.
You are immune to petrification.


   Skills:
 - Level 1.5 Dodging
 - Level 2.1 Stealth
 + Level 5.1 Spellcasting
 * Level 7.4 Conjurations
 - Level 0.7 Transmutations
 * Level 9.8 Earth Magic


You had 8 spell levels left.
You knew the following spells:

 Your Spells              Type           Power      Damage    Failure   Level
a - Sandblast             Erth           100%       2d20      1%          1
b - Stone Arrow           Conj/Erth      90%        3d12      1%          3
c - Passwall              Tmut/Erth      25%        N/A       1%          2
d - Petrify               Tmut/Erth      30%        N/A       11%         4

Your spell library contained the following spells:

 Spells                   Type           Power      Damage    Failure   Level
 Poisonous Vapours        Pois/Air       10%        N/A       14%         2
 Borgnjor's Vile Clutch   Necr/Erth      14%        N/A       34%         5
 Alistair's Intoxication  Tmut/Pois      4%         N/A       92%         5
 Eringya's Noxious Bog    Tmut/Pois      3%         N/A       100%        6

Inventory:

Hand Weapons
 d - a +2 heavy mace (weapon)
   (You found it on level 2 of the Dungeon)
 f - a +0 whip of protection
   (You took it off a kobold on level 1 of the Dungeon)
Missiles
 c - 112 stones
 e - 24 poisoned darts
 k - 6 boomerangs
 o - 5 silver boomerangs
 A - 4 curare-tipped darts {=f}
Armour
 a - a +0 robe (worn)
 h - a +0 pair of boots (worn)
   (You found it on level 2 of the Dungeon)
Magical Staves
 p - a staff of cold {!a}
   (You found it on level 5 of the Dungeon)
 D - a staff of earth {!a}
   (You found it on level 5 of the Dungeon)
Jewellery
 r - the ring of Fyrid (right hand) {MP+9 Int+3}
   (You found it on level 3 of the Dungeon)

   [ring of magical power]

   Int:       It affects your intelligence (+3).
   MP:        It affects your magic capacity (+9).
 W - a ring of magical power (left hand)
   (You found it on level 3 of the Dungeon)
Wands
 i - a wand of paralysis (5)
   (You found it on level 5 of the Dungeon)
 x - a wand of quicksilver (12)
   (You found it on level 5 of the Dungeon)
 y - a wand of flame (25)
   (You found it on level 4 of the Dungeon)
Scrolls
 m - a scroll of noise {!r}
 q - a scroll of blinking {!r}
 t - 3 scrolls of teleportation {@r4}
 w - a scroll of fear {unknown}
Potions
 b - a potion of magic
 g - a potion of flight {unknown}
 j - a potion of invisibility
 l - 2 potions of might {unknown}
 n - a potion of attraction {unknown}
 s - a potion of degeneration {!q}
 u - a potion of curing {unknown}
 v - a potion of lignification {unknown}
 z - 2 potions of cancellation {unknown}
 B - 4 potions of heal wounds {unknown}
 C - a potion of ambrosia {unknown}

Dungeon Overview and Level Annotations

Branches:
Dungeon (6/15) Zot: 26821  Temple (0/1) D:6

Altars:
Ashenzari
Cheibriados
Trog
Vehumet
Wu Jian

####### #.....#
#$....# #.
#.....#
###.###.....#
....gg......#
.......@....#
............#
............#
............##
.............#
#########..#.###
#......#
####'#### ######
#.).....#


You could see a gnoll bouda (reflecting) and a gnoll (swift).


Message History

Casting: Stone Arrow (safe; 1% risk of failure)
Confirm with . or Enter, or press ? or * to list all spells.
Aiming: Stone Arrow (safe; 1% risk of failure)
Press: ? - help, Shift-Dir - straight line, f - scorpion
Aim: a scorpion (asleep, 100% to hit)
The stone arrow hits the scorpion!!
You kill the scorpion!
Vehumet accepts your kill. 😎 MP[-2]
You lost 2 mp, and now have 27/34 mp.
Casting: Stone Arrow (safe; 1% risk of failure)
Confirm with . or Enter, or press ? or * to list all spells.
You can't see any susceptible monsters within range! (Use Z to cast anyway.)
A phantom comes into view.
Casting: Stone Arrow (safe; 1% risk of failure)
Confirm with . or Enter, or press ? or * to list all spells.
You can't see any susceptible monsters within range! (Use Z to cast anyway.) 😎 MP[+1]
A phantom is nearby!
A phantom is nearby!
A phantom is nearby!
Casting: Stone Arrow (safe; 1% risk of failure)
Confirm with . or Enter, or press ? or * to list all spells.
Aiming: Stone Arrow (safe; 1% risk of failure)
Press: ? - help, Shift-Dir - straight line, f - phantom
Aim: a phantom (67% to hit)
The stone arrow misses the phantom. 😎 MP[-2]
You lost 2 mp, and now have 26/34 mp.
Casting: Stone Arrow (safe; 1% risk of failure)
Confirm with . or Enter, or press ? or * to list all spells.
Aiming: Stone Arrow (safe; 1% risk of failure)
Press: ? - help, Shift-Dir - straight line, f/p - phantom
Aim: a phantom (67% to hit)
The stone arrow hits the phantom! 😎 MP[-3]
You lost 3 mp, and now have 23/34 mp.
Casting: Stone Arrow (safe; 1% risk of failure)
Confirm with . or Enter, or press ? or * to list all spells.
Aiming: Stone Arrow (safe; 1% risk of failure)
Press: ? - help, Shift-Dir - straight line, f/p - phantom
Aim: a phantom (heavily damaged, 67% to hit)
The stone arrow misses the phantom.
A phantom is nearby!
Casting: Stone Arrow (safe; 1% risk of failure)
Confirm with . or Enter, or press ? or * to list all spells.
Aiming: Stone Arrow (safe; 1% risk of failure)
Press: ? - help, Shift-Dir - straight line, f/p - phantom
Aim: a phantom (heavily damaged, 67% to hit)
The stone arrow misses the phantom.
The phantom barely misses you.
A phantom is nearby!
Casting: Stone Arrow (safe; 1% risk of failure)
Confirm with . or Enter, or press ? or * to list all spells.
Aiming: Stone Arrow (safe; 1% risk of failure)
Press: ? - help, Shift-Dir - straight line, f/p - phantom
Aim: a phantom (heavily damaged, 67% to hit)
The stone arrow hits the phantom!
You destroy the phantom!
Vehumet accepts your kill.
Vehumet offers you knowledge of Poisonous Vapours.
Key pressed, stopping explore.
Casting: Stone Arrow (safe; 1% risk of failure)
Confirm with . or Enter, or press ? or * to list all spells.
You can't see any susceptible monsters within range! (Use Z to cast anyway.) 😎 MP[-6]
You lost 6 mp, and now have 17/34 mp.
Casting: Stone Arrow (safe; 1% risk of failure)
Confirm with . or Enter, or press ? or * to list all spells.
You can't see any susceptible monsters within range! (Use Z to cast anyway.)
A gnoll bouda comes into view. It is wielding a +0 whip. 😎 MP[+3]
You regained 3 mp, and now have 20/34 mp.
A gnoll bouda is nearby!
A gnoll bouda is nearby!
A gnoll bouda is nearby!
A gnoll comes into view. It is wielding a +0 whip.
Casting: Stone Arrow (safe; 1% risk of failure)
Confirm with . or Enter, or press ? or * to list all spells.
Aiming: Stone Arrow (safe; 1% risk of failure)
Press: ? - help, Shift-Dir - straight line, f - gnoll bouda
Aim: a gnoll bouda, wielding a +0 whip, wearing a +0 robe and wearing an amulet of reflection (wandering, reflecting blocked projectiles, hasn't noticed you, 79% to hit)
The stone arrow reflects off an invisible shield around the gnoll bouda!
The stone arrow hits you!!
Ouch! That really hurt!
* * * LOW HITPOINT WARNING * * *
The gnoll bouda barks out a call to the hunt!
The gnoll picks up the pace! 😨 HP[-28] MP[-3]
You take 28 damage, and now have 17/45 hp.
MASSIVE DAMAGE!! (PAUSE)
You lost 3 mp, and now have 17/34 mp.
Casting: Stone Arrow (safe; 1% risk of failure)
Confirm with . or Enter, or press ? or * to list all spells.
Aiming: Stone Arrow (safe; 1% risk of failure)
Press: ? - help, Shift-Dir - straight line, f/p - gnoll bouda
Aim: a gnoll bouda, wielding a +0 whip, wearing a +0 robe and wearing an amulet of reflection (reflecting blocked projectiles, 79% to hit)
The stone arrow reflects off an invisible shield around the gnoll bouda!
The stone arrow hits you!!
Ouch! That really hurt!
You die...

Skill      XL: |  1  2  3  4  5  6  7  8 |
---------------+-------------------------+-----
Earth Magic    | 4 5 6 8 9 |  9.8
Conjurations   | 2 3 4 5 7 |  7.4
Spellcasting   | 3 4 5 |  5.1
Dodging        | |  1.5
Stealth        | |  2.1
Transmutations | |  0.7

Action                     |  1- 3 |  4- 6 |  7- 9 || total
---------------------------+-------+-------+-------++-------
  Melee: Unarmed           |     3 |       |       ||     3
         Mace              |     1 |     2 |       ||     3
   Cast: Sandblast         |    51 |    50 |    44 ||   145
         Passwall          |       |     1 |       ||     1
         Stone Arrow       |       |     1 |    62 ||    63
    Use: Scroll            |     4 |       |     6 ||    10
 Armour: Robe              |     4 |    10 |    13 ||    27
  Dodge: Dodged            |     7 |    20 |    27 ||    54

Levels and vault maps discovered:
D:1:      amcnicky_arrival_abandoned_market, layout_basic,
          kennysheep_decorative_pillar
D:2:      layout_basic, st_stairs_6, glass_columns_b
D:3:      minmay_bubble_buster, layout_basic, ashenzari_altar_1,
          mainiacjoe_overflow_brackets, minmay_cut_off
D:4:      kennysheep_kobold_camp, layout_layer_cave,
          nicolae_wu_jian_wuxing_cycle, minmay_fractal_squares_gapless_5,
          uniq_edmund, uniq_grinder
D:5:      layout_basic, mainiacjoe_overflow_catch_the_wave, serial_aquarium,
          aquarium_bridge_square [aquarium_subvault_bridge,
          aquarium_subvault_wall, aquarium_subvault_bridge,
          aquarium_subvault_bridge], aquarium_bridge_long_separate
          [aquarium_subvault_bridge, aquarium_subvault_bridge,
          aquarium_subvault_bridge, aquarium_subvault_bridge,
          aquarium_subvault_bridge, aquarium_subvault_wall], aquarium_window_1,
          aquarium_window_1, aquarium_window_fake, aquarium_window_corner,
          aquarium_view_2d, aquarium_view_2a, aquarium_balcony_5a,
          aquarium_pool_side, uniq_prince_ribbit1
D:6:      layout_basic, nicolae_yredelemnul_corpse_copse, temple_green,
          uniq_sigmund, uniq_menkaure

Notes
Turn   | Place    | Note
-------+----------+-------------------------------------------
     0 | D:1      | kae the Gargoyle Earth Elementalist began the quest for the
                  | Orb.
     0 | D:1      | Reached XP level 1. HP: 10/10 MP: 3/3
     0 | D:1      | magus.rc [v1.11.3]
   112 | D:1      | Reached skill level 4 in Earth Magic
   275 | D:1      | Reached XP level 2. HP: 15/15 MP: 3/5
   596 | D:1      | You add the spells Alistair's Intoxication, Borgnjor's Vile
                  | Clutch and Eringya's Noxious Bog to your library.
  1006 | D:2      | Reached XP level 3. HP: 15/19 MP: 0/6
  1010 | D:2      | Learned a level 3 spell: Stone Arrow
  1013 | D:2      | Learned a level 2 spell: Passwall
  1105 | D:2      | Reached skill level 5 in Earth Magic
  1685 | D:3      | Reached XP level 4. HP: 24/24 MP: 6/8
  2053 | D:3      | Reached skill level 1 in Conjurations
  2064 | D:3      | Noticed an ice beast
  2166 | D:3      | HP: 5/24 [ice beast (10)]
  2167 | D:3      | Killed an ice beast
  2168 | D:3      | Reached skill level 3 in Spellcasting
  2168 | D:3      | Reached skill level 2 in Conjurations
  2168 | D:3      | Reached XP level 5. HP: 6/28 MP: 2/9
  2402 | D:3      | Found a radiant altar of Vehumet.
  2408 | D:3      | Became a worshipper of Vehumet
  2578 | D:3      | Reached skill level 6 in Earth Magic
  2616 | D:3      | Found a broken altar of Ashenzari.
  2683 | D:3      | Identified the ring of Fyrid {MP+9 Int+3}
  2957 | D:4      | Found an ornate altar of the Wu Jian Council.
  3228 | D:4      | Noticed Grinder
  3231 | D:4      | Paralysed by Grinder for 5 turns
  3242 | D:4      | Paralysed by Grinder for 4 turns
  3250 | D:4      | Killed Grinder
  3251 | D:4      | Reached skill level 3 in Conjurations
  3251 | D:4      | Reached XP level 6. HP: 19/32 MP: 11/11
  3359 | D:4      | Reached skill level 4 in Conjurations
  3359 | D:4      | Reached XP level 7. HP: 36/36 MP: 12/12
  3459 | D:4      | Reached skill level 7 in Earth Magic
  3482 | D:4      | Identified the +0 robe of Kicicael {*Slow Str+6 Dex+3}
  3773 | D:4      | Reached * piety under Vehumet
  3773 | D:4      | Offered knowledge of Freeze by Vehumet.
  3985 | D:4      | Noticed Edmund
  3997 | D:4      | Killed Edmund
  3998 | D:4      | Reached skill level 4 in Spellcasting
  4124 | D:4      | Reached skill level 5 in Conjurations
  4444 | D:5      | Entered Level 5 of the Dungeon
  4633 | D:5      | HP: 5/36 [ogre/+0 giant club (31)]
  4635 | D:5      | Reached skill level 8 in Earth Magic
  4635 | D:5      | Reached XP level 8. HP: 7/41 MP: 14/14
  4816 | D:5      | Found a snail-covered altar of Cheibriados.
  4892 | D:5      | Found a bloodstained altar of Trog.
  4997 | D:5      | Reached skill level 6 in Conjurations
  5443 | D:5      | Noticed Prince Ribbit
  5447 | D:5      | Killed Prince Ribbit
  5448 | D:5      | Reached skill level 9 in Earth Magic
  5621 | D:6      | Learned a level 4 spell: Petrify
  5650 | D:6      | Reached skill level 7 in Conjurations
  5701 | D:6      | Found a staircase to the Ecumenical Temple.
  5707 | D:6      | Reached skill level 5 in Spellcasting
  5707 | D:6      | Reached XP level 9. HP: 45/45 MP: 16/16
  5769 | D:6      | Offered knowledge of Poisonous Vapours by Vehumet.
  5794 | D:6      | Killed by a reflected stone arrow
                  | ... reflected by a gnoll bouda

Vanquished Creatures
  Grinder (D:4)
  Prince Ribbit (D:5)
  Edmund (D:4)
  2 ice beasts
  An ogre (D:5)
  2 phantoms
  A kobold brigand (D:4)
  A necrophage (D:4)
  A gnoll sergeant (D:5)
  3 scorpions
  2 water moccasin zombies (D:6)
  2 howler monkeys (D:5)
  A hound (D:5)
  A jelly (D:5)
  An orc priest (D:6)
  An orc wizard (D:6)
  5 gnolls
  7 adders
  2 shadow imps (D:5)
  A worm (D:5)
  A dart slug (D:1)
  8 orcs
  6 endoplasms
  3 giant cockroaches (D:2)
  6 goblins
  6 hobgoblins
  24 kobolds
  2 quokkas
  10 ball pythons
  11 bats
  3 frilled lizards
  5 rats
122 creatures vanquished.

Vanquished Creatures (others)
  12 fungi (D:5)
  5 plants (D:4)
17 creatures vanquished.

Grand Total: 139 creatures vanquished

Table legend:
 A = Non-vault XP
 B = Vault XP
 C = Vault XP percentage of total XP
 D = Non-vault monster count
 E = Vault monster count
 F = Vault count percentage of total count
                 A         B        C        D         E       F
            +---------+---------+-------+---------+---------+-------
      Total |    1538 |    1074 |  41.1 |      82 |      40 |  32.8
            +---------+---------+-------+---------+---------+-------
        D:1 |      24 |       0 |   0.0 |      14 |       0 |   0.0
        D:2 |      55 |       2 |   3.5 |      21 |       1 |   4.5
        D:3 |     166 |      31 |  15.7 |      11 |      11 |  50.0
        D:4 |     265 |     599 |  69.3 |       9 |      25 |  73.5
        D:5 |     752 |     286 |  27.6 |      20 |       1 |   4.8
        D:6 |     276 |     156 |  36.1 |       7 |       2 |  22.2
            +---------+---------+-------+---------+---------+-------

Illustrated notes

Table legend:
 A = Kills in this place as a percentage of kills in entire the game.
 B = Kills by you in this place as a percentage of kills by you in the entire game.
 C = Kills by friends in this place as a percentage of kills by friends in the entire game.
 D = Other kills in this place as a percentage of other kills in the entire game.
 E = Experience gained in this place as a percentage of experience gained in the entire game.
 F = Experience gained in this place divided by the number of levels of this place that you have seen.
                   A       B       C       D       E      F
               +-------+-------+-------+-------+-------+----------------------
         Total | 100.0 | 100.0 |   N/A |   N/A | 100.0 | 435.3
       Dungeon | 100.0 | 100.0 |   N/A |   N/A | 100.0 | 435.3
               +-------+-------+-------+-------+-------+----------------------

Table legend: (Time is in decaauts)
 A = Elapsed time spent in this place.
 B = Non-inter-level travel time spent in this place.
 C = Inter-level travel time spent in this place.
 D = Time resting spent in this place.
 E = Time spent auto-exploring this place.
 F = Levels seen in this place.
 G = Mean time per level.
                   A        B        C        D        E       F      G
               +--------+--------+--------+--------+--------+-----+--------+
         Total |   5866 |   5599 |    267 |    162 |   4762 |   6 |  977.7 |
       Dungeon |   5866 |   5599 |    267 |    162 |   4762 |   6 |  977.7 |
               +--------+--------+--------+--------+--------+-----+--------+

Top non-repeatable levels by time:
     D:4: 1565 daAuts
     D:3: 1245 daAuts
     D:5: 1173 daAuts
     D:1: 863 daAuts
     D:2: 840 daAuts
     D:6: 178 daAuts
